 Dungeon Crawl Stone Soup version 0.31-a0-188-g5e087ee2ca (webtiles) character file.

Game seed: 6861938379512301503

271 qw the Skirmisher (level 6, -4/35 HPs)
             Began as a Deep Elf Hunter on June 23, 2023.
             Slain by a lemure (7 damage)
             ... led by Pikel
             ... on level 5 of the Dungeon.
             The game lasted 00:01:05 (2707 turns).

qw the Skirmisher (Deep Elf Hunter)                 Turns: 2707, Time: 00:01:06

Health: -4/35      AC:  7    Str:  8    XL:     6   Next: 2%
Magic:  8/8        EV: 15    Int: 14    God:
Gold:   135        SH:  5    Dex: 18    Spells: 5/5 levels left

rFire   . . .        Y - +0 shortbow (chaos)
rCold   . . .        (shield currently unavailable)
rNeg    . . .        b - +0 ring mail
rPois   .            d - +0 helmet
rElec   .            (no cloak)
rCorr   .            (no gloves)
SInv    .            k - +0 pair of boots
Will    .....        a - amulet of reflection
Stlth   +            g - +5 ring of evasion
HPRegen 0.25/turn    (no ring)
MPRegen 0.11/turn

%: reflection
@: about to teleport
A: mutation resistance 1, sense surroundings 1, weak 1
a: no special abilities


You were on level 5 of the Dungeon.
You visited 1 branch of the dungeon, and saw 5 of its levels.

You collected 135 gold pieces.


Innate Abilities, Weirdness & Mutations

You are somewhat resistant to further mutation.
You passively map a small area around you.
You are weak. (Str -2)


   Skills:
 + Level 1.7 Fighting
 - Level 9.5 Ranged Weapons
 - Level 2.4 Dodging
 - Level 1.2 Stealth


You had 5 spell levels left.
You didn't know any spells.
Your spell library was empty.

Inventory:

Hand Weapons
 Y - a +0 shortbow of chaos (weapon)
Armour
 b - a +0 ring mail (worn)
 d - a +0 helmet (worn)
 k - a +0 pair of boots (worn)
Jewellery
 a - an amulet of reflection (around neck)
 g - a +5 ring of evasion (left hand)
Scrolls
 f - 4 scrolls of identify
 l - a scroll of teleportation
Potions
 h - a potion of heal wounds
 i - a potion of curing
 j - a potion of mutation

Dungeon Overview and Level Annotations

Branches:
Dungeon (5/15)
 Temple: D:4-7

Altars:
Ashenzari

Annotations:
D:5 Pikel


Message History

Pikel says, "Hell isn't that bad."
You shoot an arrow. The arrow hits Pikel.
You drain Pikel.
Pikel is moderately wounded.
You shoot an arrow. The arrow hits the lemure.
The lemure is severely wounded.
The lemure hits you. Pikel completely misses you.
The lemure hits you but does no damage.
You shoot an arrow. The arrow barely misses the lemure.
You block the lemure's attack.
Pikel hits you with a +1 whip of flaming!
Pikel burns you. The lemure hits you but does no damage.
You shoot an arrow. The arrow hits the lemure!
The lemure resists with some effort.
The lemure is almost dead.
The lemure misses you. Pikel closely misses you.
The lemure barely misses you. x2
You shoot an arrow. The arrow hits the lemure.
The lemure easily resists.
The lemure is almost dead.
The lemure hits you.
Pikel hits you with a +1 whip of flaming.
Pikel burns you. The lemure hits you. The lemure barely misses you.
You shoot an arrow. The arrow hits the lemure.
You kill the lemure!
That felt strangely unrewarding.
The lemure hits you. Pikel closely misses you.
You shoot an arrow. The arrow closely misses Pikel.
The arrow closely misses the lemure.
You block the lemure's attack. Pikel closely misses you.
You block the lemure's attack.
You shoot an arrow. The arrow completely misses Pikel.
The arrow barely misses the lemure.
Pikel hits you with a +1 whip of flaming.
Pikel burns you. The lemure misses you. The lemure hits you but does no damage.
You shoot an arrow. The arrow hits Pikel.
Pikel is poisoned.
Pikel is moderately wounded.
You block Pikel's attack. The lemure hits you! The lemure closely misses you.
2707 ||| READING 2 scrolls of teleportation.
As you read the scroll of teleportation, it crumbles to dust.
You feel strangely unstable. The lemure hits you!
You die...

* * * , ,, .# ,
, .# , * , .# *
* , , * .# #+**
**.# #.####*.#*
##. *
##....##5#.....
# #.....'@K5..#
, , , ...
###...##5#..# ,
#..#####...# .#
..# #..........#
.# ,# *
#........# .# *
* ,,
#.....%..##.#*
####..#./.....#
,........#######
, #.*#####...# *


You could see Pikel (very poisoned, drained) and 3 lemures.

Vanquished Creatures
  An ogre (D:4)
  A lemure (D:5)
  A scorpion (D:3)
  An orc wizard (D:3)
  3 adders
  3 dart slugs (D:1)
  4 orcs
  5 ball pythons
  6 bats
  5 endoplasms
  4 giant cockroaches
  6 goblins
  5 hobgoblins
  9 jackals
  3 quokkas
  2 frilled lizards
  6 kobolds
  2 rats (D:1)
67 creatures vanquished.

Vanquished Creatures (collateral kills)
  A ball python (D:3)
1 creature vanquished.

Vanquished Creatures (others)
  An endoplasm zombie (D:3)
1 creature vanquished.

Grand Total: 69 creatures vanquished

Notes
Turn   | Place    | Note
-------+----------+-------------------------------------------
     0 | D:1      | qw the Deep Elf Hunter began the quest for the Orb.
     0 | D:1      | Reached XP level 1. HP: 12/12 MP: 3/3
     0 | D:1      | 0 ||| qw: Version: 0.3-a-9-g12657ce
     0 | D:1      | 0 ||| qw: Game counter: 3601
     0 | D:1      | 0 ||| qw: Always use a shield: true
     0 | D:1      | 0 ||| qw: God list: Okawaru
     0 | D:1      | 0 ||| qw: Allow faded altars: false
     0 | D:1      | 0 ||| qw: Do Orc after D:15 true
     0 | D:1      | 0 ||| qw: Do second Lair branch before Depths: true
     0 | D:1      | 0 ||| qw: Lair rune preference: random
     0 | D:1      | 0 ||| qw: Plans: Normal
     0 | D:1      | 0 ||| PLANNING D:1-11
    53 | D:1      | Reached XP level 2. HP: 7/16 MP: 4/4
    55 | D:1      | HP: 4/16 [jackal (2)]
    57 | D:1      | Reached skill level 6 in Ranged Weapons
   441 | D:1      | Reached XP level 3. HP: 20/20 MP: 5/5
   595 | D:1      | 595 ||| FLEEEEING.
   829 | D:1      | 829 ||| DROPPING amulet of magic regeneration.
   830 | D:1      | 830 ||| READING scroll labelled SAP TOCREOLA.
   868 | D:1      | 868 ||| READING 4 scrolls labelled NUAVOHUVYO.
   869 | D:1      | 869 ||| READING scroll labelled BIL LOBBAI.
   870 | D:1      | 870 ||| READING scroll labelled MUUMOE USOLOAS.
   871 | D:1      | 871 ||| READING 2 scrolls labelled MISIL YGYFF.
   875 | D:1      | 875 ||| READING scroll labelled DAANIA RAURPHAE.
   976 | D:1      | 976 ||| READING 3 scrolls of identify.
   976 | D:1      | 976 ||| IDENTIFYING viscous pink potion
   977 | D:1      | 977 ||| READING 2 scrolls of identify.
   977 | D:1      | 977 ||| IDENTIFYING bubbling green potion
   978 | D:1      | 978 ||| DROPPING scroll of butterflies.
   979 | D:1      | 979 ||| DROPPING potion of lignification.
  1001 | D:2      | 1001 ||| STAIRDANCE
  1096 | D:2      | Reached skill level 7 in Ranged Weapons
  1230 | D:2      | Found a broken altar of Ashenzari.
  1749 | D:2      | 1749 ||| UPGRADING to +0 ring mail.
  1759 | D:2      | 1759 ||| DROPPING +0 leather armour.
  1760 | D:2      | 1760 ||| UPGRADING to +0 helmet.
  1765 | D:2      | 1765 ||| UPGRADING to +0 pair of boots.
  1770 | D:2      | 1770 ||| READING scroll labelled DOYBUS PUHITU.
  1771 | D:2      | 1771 ||| DRINKING 2 golden potions.
  1772 | D:2      | 1772 ||| DRINKING 2 cyan potions.
  1772 | D:2      | Gained mutation: You passively map a small area around you.
                  | [potion of mutation]
  1772 | D:2      | Gained mutation: You are weak. (Str -2) [potion of
                  | mutation]
  1772 | D:2      | Gained mutation: You are somewhat resistant to further
                  | mutation. [potion of mutation]
  1773 | D:2      | 1773 ||| READING 2 scrolls of identify.
  1773 | D:2      | 1773 ||| IDENTIFYING pink potion
  1774 | D:2      | 1774 ||| DROPPING potion of ambrosia.
  1775 | D:2      | 1775 ||| DROPPING potion of invisibility.
  1845 | D:3      | Reached XP level 4. HP: 25/25 MP: 6/6
  1950 | D:3      | Noticed a scorpion
  1952 | D:3      | Killed a scorpion
  1953 | D:3      | Reached skill level 8 in Ranged Weapons
  1957 | D:3      | Reached XP level 5. HP: 25/29 MP: 7/7
  2134 | D:3      | 2134 ||| UPGRADING to amulet of reflection.
  2139 | D:3      | 2139 ||| UPGRADING to +5 ring of evasion.
  2140 | D:3      | 2140 ||| READING scroll labelled ERIBBI PAIHINA.
  2141 | D:3      | 2141 ||| READING scroll labelled ETIEROE ZOIK.
  2142 | D:3      | 2142 ||| READING 4 scrolls of identify.
  2142 | D:3      | 2142 ||| IDENTIFYING brown potion
  2144 | D:3      | 2144 ||| Stepping ~*~*~tactically~*~*~ (cloud).
  2152 | D:3      | HP: 7/29 [poisoned by you (poison gas)]
  2287 | D:4      | 2287 ||| STAIRDANCE
  2393 | D:4      | Noticed an ogre
  2396 | D:4      | Killed an ogre
  2397 | D:4      | Reached skill level 9 in Ranged Weapons
  2647 | D:4      | 2647 ||| READING scroll labelled BYTODD BUOSI.
  2662 | D:5      | Entered Level 5 of the Dungeon
  2680 | D:5      | Reached XP level 6. HP: 35/35 MP: 8/8
  2693 | D:5      | Noticed Pikel
  2706 | D:5      | HP: 2/35 [lemure[Pikel] (7)]
  2707 | D:5      | 2707 ||| READING 2 scrolls of teleportation.
  2707 | D:5      | Slain by a lemure

Levels and vault maps discovered:
D:1:      lemuel_arrival_tunnels, layout_basic, minmay_hedge_maze,
          kennysheep_small_spiral
D:2:      layout_basic, basic_altar, minmay_tetromino_l4
D:3:      layout_rooms
D:4:      layout_rooms, minivault_26
D:5:      layout_basic, uniq_pikel

Skill      XL: |  1  2  3  4  5 |
---------------+----------------+-----
Ranged Weapons | 6 7 8 9 |  9.5
Fighting       | |  1.7
Dodging        | |  2.4
Stealth        | |  1.2

Action                     |  1- 3 |  4- 6 || total
---------------------------+-------+-------++-------
   Fire: Shortbow          |    99 |    78 ||   177
    Use: Scroll            |    10 |     5 ||    15
         Potion            |     2 |       ||     2
 Armour: Leather armour    |     5 |       ||     5
         Ring mail         |     5 |    19 ||    24
  Dodge: Dodged            |    22 |    35 ||    57
  Block: Other             |       |    13 ||    13

Table legend:
 A = Non-vault XP
 B = Vault XP
 C = Vault XP percentage of total XP
 D = Non-vault monster count
 E = Vault monster count
 F = Vault count percentage of total count
                 A         B        C        D         E       F
            +---------+---------+-------+---------+---------+-------
      Total |     384 |       4 |   1.0 |      65 |       2 |   3.0
            +---------+---------+-------+---------+---------+-------
        D:1 |      62 |       0 |   0.0 |      26 |       0 |   0.0
        D:2 |      11 |       4 |  26.7 |       6 |       2 |  25.0
        D:3 |     168 |       0 |   0.0 |      25 |       0 |   0.0
        D:4 |     129 |       0 |   0.0 |       7 |       0 |   0.0
        D:5 |      14 |       0 |   0.0 |       1 |       0 |   0.0
            +---------+---------+-------+---------+---------+-------
